 Dungeon Crawl Stone Soup version 0.31-a0-788-ga445dbd2db (webtiles) character file.

Game seed: 3246725846575582124

7926 CrazyBamboolord the Protected (level 11, -9/90 HPs)
             Began as a Formicid Fighter on Sept 18, 2023.
             Was a High Priest of Okawaru.
             Mangled by a troll (10 damage)
             ... in the Arena.
             The game lasted 00:17:52 (8932 turns).

CrazyBamboolord the Protected (Formicid Fighter)    Turns: 8932, Time: 00:17:53

Health: -9/90      AC: 14    Str: 25    XL:     11   Next: 46%
Magic:  8/15       EV:  9    Int:  8    God:    Okawaru [*****.]
Gold:   91         SH: 16    Dex: 13    Spells: 10/10 levels left

rFire   . . .        o - +1 executioner's axe (elec)
rCold   + + +        k - +0 kite shield
rNeg    . . .        b - +0 scale mail
rPois   +            (helmet unavailable)
rElec   .            v - scarf {+Inv}
rCorr   .            n - +2 pair of gloves
SInv    +            q - +1 pair of boots
Will    ++...        m - amulet of reflection Stlth
                     C - ring of poison resistance
HPRegen 0.35/turn    a - ring "Atrealeeni" {rC+++ Will+}
MPRegen 0.14/turn

%: reflection
@: duelling
A: permanent stasis, dig shafts and tunnels, antennae 3, four strong arms
a: Dig, Renounce Religion, Evoke Invisibility, Heroism, Finesse, Duel


You were in the Arena.
You worshipped Okawaru.
Okawaru was extremely pleased with you.
You visited 2 branches of the dungeon, and saw 11 of its levels.

You collected 1074 gold pieces.
You spent 983 gold pieces at shops.

Inventory:

Hand Weapons
 o - a +1 executioner's axe of electrocution (weapon)
 u - a +2 great mace of protection
 G - a +2 executioner's axe of distortion
Armour
 b - a +0 scale mail (worn)
 k - a +0 kite shield (worn)
 n - a +2 pair of gloves (worn)
 q - a +1 pair of boots (worn)
 v - a scarf of invisibility (worn)
Jewellery
 a - the ring "Atrealeeni" (right hand) {rC+++ Will+}
   (You bought it in a shop on level 1 of the Dungeon)

   [ring of willpower]

   rC+++:     It renders you almost immune to cold.
   Will+:     It increases your willpower.
 e - a +5 ring of evasion
 m - an amulet of reflection (around neck)
 s - the ring of the Narrow Watermelon {Wiz rElec rC- Int+6}
   (You found it on level 3 of the Dungeon)

   [ring of wizardry]

   Wiz:       It improves your spell success rate.
   Int+6:     It affects your intelligence (+6).
   rC-:       It makes you vulnerable to cold.
   rElec:     It insulates you from electricity.
 t - a +6 ring of dexterity
 B - an amulet of guardian spirit
 C - a ring of poison resistance (left hand)
Wands
 w - a wand of paralysis (7)
 F - a wand of polymorph (23)
 J - a wand of mindburst (9)
Scrolls
 h - 2 scrolls of poison
 p - 2 scrolls of noise
 r - a scroll of fear {unknown}
 y - a scroll of fog {unknown}
 z - a scroll of amnesia {unknown}
 A - a scroll of vulnerability {unknown}
 D - a scroll of revelation {unknown}
 I - a scroll of silence {unknown}
Potions
 c - 2 potions of attraction
 d - 2 potions of might
 f - 5 potions of enlightenment
 g - 2 potions of heal wounds
 i - 3 potions of curing
 j - 2 potions of invisibility
 l - 2 potions of mutation
 x - a potion of berserk rage {unknown}
 E - a potion of lignification {unknown}


   Skills:
 * Level 10.0 Fighting
 * Level 8.9 Axes
 * Level 10.0 Armour
 + Level 1.3 Dodging
 + Level 9.1 Shields
 + Level 6.1 Invocations


You had 10 spell levels left.
You didn't know any spells.
Your spell library contained the following spells:

 Spells                   Type           Power      Damage    Failure   Level
 Apportation              Tloc           0%         N/A       83%         1
 Magic Dart               Conj           0%         1d3       83%         1
 Ensorcelled Hibernation  Hex/Ice        0%         N/A       93%         2
 Jinxbite                 Hex            0%         N/A       93%         2
 Passwall                 Tmut/Erth      0%         N/A       93%         2
 Searing Ray              Conj           0%         2d4       93%         2
 Fulminant Prism          Conj/Hex       0%         3d5       100%        4
 Alistair's Intoxication  Tmut/Pois      0%         N/A       100%        5
 Swiftness                Air            Unusable   N/A       N/A         3

Dungeon Overview and Level Annotations

Branches:
Dungeon (10/15)            Temple (1/1) D:4            Lair (0/5) D:9
    Orc: D:9-12

Altars:
Ashenzari
Cheibriados
Dithmenos
Elyvilon
Fedhas
Gozag
Hepliaklqana
Kikubaaqudgha
Makhleb
Nemelex Xobeh
Okawaru
Qazlal
Ru
Sif Muna
Trog
Uskayaw
Vehumet
Xom
Yredelemnul
Zin
The Shining One

Shops:
D:1 =   D:2 (   D:8 **   D:9 (


Innate Abilities, Weirdness & Mutations

You cannot be hasted, slowed, berserked, paralysed or teleported.
You can dig through walls and to a lower floor.
You have a pair of large antennae on your head. (SInv)
Your four strong arms can wield two-handed weapons with a shield.


Message History

You feel sick.
You are no longer poisoned.
The fire dragon bites you but does no damage.
The fire dragon claws you but does no damage.
The fire dragon tramples you but does no damage.
You slice the fire dragon!!
The fire dragon is lightly wounded.
You block the fire dragon's attack. x4; The fire dragon claws you!
* * * LOW HITPOINT WARNING * * *
The fire dragon tramples you but does no damage.
Okay, then.
Aiming: Duel (50% risk of failure)
Press: ? - help, Dir - move target, f - troll
Aim: a troll You fail to use your ability.
You block the fire dragon's attack. The fire dragon barely misses you.
You block the fire dragon's attack.
Aiming: Duel (50% risk of failure)
Press: ? - help, Dir - move target, f/p - troll
Aim: a troll You enter into single combat with the troll!
The world spins around you as you enter the gateway.
You enter Okawaru's Arena!
The spectator shouts! x5
Found a gate leading back out of this place.
There is an empty arch of ancient stone here.
You barely miss the troll. The troll misses you.
You block the troll's attack. x2
The troll bites you.
* * * LOW HITPOINT WARNING * * *
You block the troll's attack. The troll claws you!
* * * LOW HITPOINT WARNING * * *
You closely miss the troll. You block the troll's attack. x3
Unknown command.
You closely miss the troll. The troll bites you!
* * * LOW HITPOINT WARNING * * *
You block the troll's attack. The troll barely misses you.
You block the troll's attack. The troll claws you!
* * * LOW HITPOINT WARNING * * *
The troll claws you!
You die...
Okawaru crowns the troll victorious!

###############
#.p▓.p▓∩▓p.▓p.#
#▓▓▓▓▓▓▓▓▓▓▓▓▓#
#......T......#
#.8....@....8.#
#.............#
#▓▓▓▓▓▓▓▓▓▓▓▓▓#
#....pp▓pp....#
###############


You could see a troll.

Vanquished Creatures
  A centaur warrior (D:10)
  Lodul (D:10)
  An orc knight (D:10)
  An oklob plant (D:6)
  2 trolls (D:10)
  Grinder (D:6)
  Sigmund (D:2)
  2 wyverns
  4 yaks (D:6)
  3 steam dragons
  A water moccasin (D:6)
  3 black bears
  An orc warrior (D:7)
  A sky beast (D:6)
  10 ogres
  2 centaurs
  A phantom (D:6)
  5 bullfrogs
  A gnoll sergeant (D:6)
  3 scorpions
  12 wights (D:8)
  A howler monkey (D:5)
  An electric eel (D:6)
  4 hounds (D:6)
  A jelly (D:8)
  4 gnoll boudas
  An orc priest (D:10)
  4 iguanas
  10 orc wizards
  Robin (D:2)
  11 adders
  17 gnolls
  5 ufetubi
  3 worms
  3 dart slugs
  24 orcs
  7 ball pythons
  8 endoplasms
  2 giant cockroaches (D:1)
  12 goblins
  6 hobgoblins (D:2)
  6 jackals
  5 kobolds
  5 quokkas
  3 bats
  4 frilled lizards
  5 rats
210 creatures vanquished.

Notes
Turn   | Place    | Note
-------+----------+-------------------------------------------
     0 | D:1      | CrazyBamboolord the Formicid Fighter began the quest for
                  | the Orb.
     0 | D:1      | Reached XP level 1. HP: 18/18 MP: 1/1
   117 | D:1      | Reached XP level 2. HP: 22/24 MP: 2/2
   163 | D:1      | Found Citaecyel's One-of-a-Kind Rings.
   257 | D:1      | Reached XP level 3. HP: 27/29 MP: 3/3
   695 | D:2      | Noticed Sigmund
   700 | D:2      | Killed Sigmund
   701 | D:2      | Reached XP level 4. HP: 27/38 MP: 4/4
   701 | D:2      | Reached XP level 5. HP: 30/43 MP: 5/5
   712 | D:2      | Reached XP level 6. HP: 35/49 MP: 6/6
   884 | D:2      | Found Baegicva's Antique Weapon Shop.
   903 | D:2      | Reached skill level 5 in Shields
   964 | D:2      | Noticed Robin
   980 | D:2      | Killed Robin
  1064 | D:2      | Found a basalt altar of Yredelemnul.
  1674 | D:3      | Identified the +0 leather armour of Ydiacy {+Inv Will-
                  | Slay+3}
  1722 | D:3      | Identified the ring of the Narrow Watermelon {Wiz rElec rC-
                  | Int+6}
  2047 | D:3      | Reached skill level 5 in Armour
  2052 | D:3      | Reached skill level 5 in Fighting
  2362 | D:4      | Reached XP level 7. HP: 56/56 MP: 7/7
  2703 | D:4      | Found a staircase to the Ecumenical Temple.
  2745 | Temple   | Entered the Ecumenical Temple
  2759 | Temple   | Became a worshipper of Warmaster Okawaru
  2914 | D:5      | Entered Level 5 of the Dungeon
  3007 | D:5      | Found a burning altar of Makhleb.
  3021 | D:5      | Reached skill level 1 in Invocations
  3021 | D:5      | Reached XP level 8. HP: 60/64 MP: 8/8
  3068 | D:5      | Found an ancient bone altar of Kikubaaqudgha.
  3068 | D:5      | Found an opulent altar of Gozag.
  3145 | D:5      | Found a snail-covered altar of Cheibriados.
  3246 | D:5      | Reached * piety under Okawaru
  3247 | D:5      | Reached skill level 5 in Axes
  3314 | D:5      | Identified the +7 short sword of the Equator {antimagic,
                  | Str+4}
  4182 | D:6      | Noticed a yak
  4182 | D:6      | Noticed a yak
  4183 | D:6      | Noticed a yak
  4211 | D:6      | Noticed a yak
  4214 | D:6      | Killed a yak
  4218 | D:6      | Killed a yak
  4219 | D:6      | Reached XP level 9. HP: 71/71 MP: 9/11
  4227 | D:6      | Reached ** piety under Okawaru
  4477 | D:6      | Noticed Grinder
  4487 | D:6      | Killed Grinder
  4495 | D:6      | Identified the +5 short sword of Muereh {holy, rN++ rCorr}
  4655 | D:6      | Reached *** piety under Okawaru
  4656 | D:6      | Reached XP level 10. HP: 75/80 MP: 13/13
  4846 | D:6      | Found a blossoming altar of Fedhas.
  4858 | D:6      | Noticed an oklob plant
  4974 | D:6      | Killed an oklob plant
  5160 | D:6      | Found a shimmering blue altar of Sif Muna.
  5563 | D:7      | Found a shadowy altar of Dithmenos.
  5900 | D:7      | Found a glowing silver altar of Zin.
  6305 | D:7      | Reached **** piety under Okawaru
  6551 | D:8      | Reached skill level 5 in Invocations
  6951 | D:8      | Found Haohej's General Store.
  6970 | D:8      | Found Mofat's Specific Store.
  6979 | D:8      | Bought a scroll of enchant armour for 112 gold pieces
  7125 | D:8      | Found a white marble altar of Elyvilon.
  7399 | D:9      | Found a glowing golden altar of the Shining One.
  7450 | D:9      | Found Sicaeton's Weapon Boutique.
  7453 | D:9      | Found a staircase to the Lair.
  7579 | D:9      | Found a hide-covered altar of Uskayaw.
  7697 | D:9      | Found a bloodstained altar of Trog.
  7724 | D:9      | Found a sacrificial altar of Ru.
  7783 | D:10     | Entered Level 10 of the Dungeon
  7786 | D:10     | Identified a scroll of acquirement
  7789 | D:10     | Acquired a +1 executioner's axe of electrocution
  7795 | D:10     | Noticed Lodul
  7810 | D:9      | Reached ***** piety under Okawaru
  7989 | D:10     | Reached XP level 11. HP: 58/89 MP: 15/15
  8193 | D:10     | Killed Lodul
  8360 | D:1      | Bought the ring "Atrealeeni" {rC+++ Will+} for 871 gold
                  | pieces
  8676 | D:10     | Received a gift from Okawaru
  8728 | D:10     | Noticed an orc knight
  8738 | D:10     | Killed an orc knight
  8739 | D:10     | Reached skill level 1 in Dodging
  8897 | D:10     | Noticed a centaur warrior
  8897 | D:10     | Noticed a centaur warrior
  8897 | D:10     | Noticed a fire dragon
  8897 | D:10     | Noticed a great orb of eyes
  8897 | D:10     | Noticed a wolf spider
  8898 | D:10     | Noticed a deep elf knight
  8925 | D:10     | Killed a centaur warrior
  8926 | D:10     | Reached skill level 10 in Fighting
  8926 | D:10     | Reached skill level 10 in Armour
  8929 | Arena    | Entered the Arena
  8932 | Arena    | HP: 1/90 [troll (7)]
  8932 | Arena    | Mangled by a troll

Illustrated notes

Levels and vault maps discovered:
D:1:      scummos_arrival_forest, layout_rooms, nicolae_hexahallways,
          nicolae_shop_unique_rings
D:2:      layout_rooms, serial_shops, shop, basic_altar, uniq_robin,
          uniq_sigmund
D:3:      layout_loops_ring, amcnicky_mini_pool_small,
          minmay_misc_feat_diagonals, roderic_roman_lattice
D:4:      layout_rooms, minmay_temple_entry_mist,
          nicolae_kite_square_tiling_tiny
D:5:      layout_rooms, chequers_temple_overflow_statue_of_worship,
          serial_co_window_serial, co_window_corner_a, co_window_paths_b,
          co_window_corner_a, co_window_paths_a, co_window_paths_a,
          co_window_2corner, co_window_broadway_b, co_window_paths_c,
          co_window_corner_b, co_window_2corner, co_window_paths_e,
          co_window_4corner_b, glass_columns_b, glass_columns_c,
          glass_columns_c, glass_columns_b
D:6:      wad_river_or_something, layout_basic, led_sif_pool, tgw_fedhas,
          uniq_grinder
D:7:      layout_loops_corners, zin_treasury, nicolae_dithmenos_shadow_blocks,
          mrwooster_statue_mirror
D:8:      layout_loops_cross, elyvilon_altar_4, nicolae_specific_store
D:9:      layout_basic, nicolae_overflow_crystal_walls,
          nicolae_ru_path_of_blood, tso_metal_star, bloody_trog,
          lair_entry_dummy, serial_shops, shop, small_statue_intersection
D:10:     minmay_klotski, layout_irregular_city, mainiacjoe_overflow_boulevard,
          kennysheep_orc_monster_closet_entryway, uniq_lodul
Temple:   nicolae_temple_colour_theory
Arena

Skill      XL: |  1  2  3  4  5  6  7  8  9 10 11 |
---------------+----------------------------------+-----
Fighting       | 4 5 6 8 9 10 | 10.0
Axes           | 3 4 5 6 8 |  8.9
Armour         | 4 5 6 8 9 10 | 10.0
Shields        | 5 6 7 8 9 |  9.1
Invocations    | 1 2 4 5 6 |  6.1
Dodging        | 1 |  1.3

Action                     |  1- 3 |  4- 6 |  7- 9 | 10-12 || total
---------------------------+-------+-------+-------+-------++-------
  Melee: War axe           |    38 |   118 |       |       ||   156
         Great mace        |       |     7 |   269 |   191 ||   467
         Executioner's axe |       |       |       |    61 ||    61
 Invoke: Duel              |       |       |       |     1 ||     1
Ability: Dig               |     1 |       |       |     2 ||     3
    Use: Scroll            |       |     4 |     3 |     5 ||    12
 Armour: Scale mail        |    28 |    95 |   179 |   143 ||   445
  Dodge: Dodged            |    12 |    55 |   109 |    88 ||   264
  Block: Buckler           |     2 |    19 |       |       ||    21
         Kite shield       |       |    63 |   329 |   274 ||   666
         Reflection        |       |     1 |     2 |     3 ||     6

Table legend: (Time is in decaauts)
 A = Elapsed time spent in this place.
 B = Non-inter-level travel time spent in this place.
 C = Inter-level travel time spent in this place.
 D = Time resting spent in this place.
 E = Time spent auto-exploring this place.
 F = Levels seen in this place.
 G = Mean time per level.
                   A        B        C        D        E       F      G
               +--------+--------+--------+--------+--------+-----+--------+
         Total |   9337 |   8682 |    655 |    785 |   5313 |  12 |  778.1 |
       Dungeon |   9302 |   8660 |    642 |    785 |   5313 |  10 |  930.2 |
        Temple |     30 |     17 |     13 |      0 |      0 |   1 |   30.0 |
         Arena |      3 |      3 |      0 |      0 |      0 |   1 |    3.0 |
               +--------+--------+--------+--------+--------+-----+--------+

Top non-repeatable levels by time:
     D:6: 1625 daAuts
     D:5: 1303 daAuts
     D:7: 1041 daAuts
     D:8: 940 daAuts
     D:1: 882 daAuts
     D:3: 851 daAuts
     D:9: 819 daAuts
     D:2: 701 daAuts
     D:4: 684 daAuts
    D:10: 453 daAuts
  Temple: 30 daAuts
   Arena: 3 daAuts
